 Dungeon Crawl Stone Soup version 0.27-a0-1590-g15f69828bf (webtiles) character file.

Game seed: 12787512786983103832

233 Sobieck the Sneak (level 5, -12/30 HPs)
             Began as a Vampire Earth Elementalist on July 18, 2021.
             Mangled by a wight (19 damage)
             ... on level 2 of the Dungeon.
             The game lasted 00:10:01 (4367 turns).

Sobieck the Sneak (Vampire Earth Elementalist)      Turns: 4367, Time: 00:10:01

Health: -12/30     AC:  2    Str:  7    XL:     5   Next: 74%
Magic:  6/8        EV: 13    Int: 18    God:
Gold:   155        SH:  0    Dex: 15    Spells: 5/8 levels left

rFire    . . .     SeeInvis +   b - +2 dagger (drain) {short}
rCold    + + .     Faith    .   (no shield)
rNeg     + + +     Spirit   .   n - +0 robe
rPois    ∞         Reflect  .   (no helmet)
rElec    .         Harm     .   (no cloak)
rCorr    .         Rampage  .   (no gloves)
Will     .....                  (no boots)
Stlth    +++++.....             (no amulet)
HPRegen  0.00/turn              (no ring)
MPRegen  0.11/turn              (no ring)

@: bloodless
A: bloodless, fangs 3, see invisible, vampiric 2
a: Bat Form, Revivify


You were on level 2 of the Dungeon.
You visited 1 branch of the dungeon, and saw 5 of its levels.

You collected 155 gold pieces.


Innate Abilities, Weirdness & Mutations

You do not regenerate when monsters are visible.
You are frail without blood (-20% HP).
You can heal yourself when you bite living creatures.
You are immune to poison.
You have razor-sharp teeth.
You have supernaturally acute eyesight. (SInv)
You are afflicted with vampirism and can become a bat while bloodless.


   Skills:
 + Level 1.8 Fighting
 + Level 2.3 Short Blades
 + Level 3.4 Dodging
 + Level 4.8 Stealth
 - Level 2.0 Spellcasting
 - Level 2.0 Transmutations
 - Level 4.0 Earth Magic


You had 5 spell levels left.
You knew the following spells:

 Your Spells              Type           Power      Damage    Failure   Level
a - Sandblast             Erth           32%        2d9       3%          1
b - Passwall              Tmut/Erth      10%        N/A       8%          2

Your spell library contained the following spells:

 Spells                   Type           Power      Damage    Failure   Level
 Stone Arrow              Conj/Erth      18%        3d8       24%         3
 Petrify                  Tmut/Erth      12%        N/A       45%         4

Inventory:

Hand Weapons
 a - a +3 hand axe of electrocution {axe}
   (You found it on level 3 of the Dungeon)
 b - a +2 dagger of draining (weapon) {short}
   (You took it off a kobold on level 4 of the Dungeon)
 u - a +0 dagger {short}
   (You took it off a goblin on level 1 of the Dungeon)
Missiles
 c - 77 stones {throwing}
 e - 36 bolts
 i - 20 sling bullets
 k - 8 curare-tipped darts {=fthrowing}
 l - 17 poisoned darts {throwing}
 m - a throwing net {=f!fthrowing}
Armour
 n - a +0 robe (worn)
Wands
 t - a wand of flame (8)
   (You took it off Terence on level 2 of the Dungeon)
Scrolls
 d - a scroll of identify {unknown}
 h - a scroll of teleportation {unknown}
 j - a scroll of amnesia {unknown}
 o - 2 scrolls of magic mapping {unknown}
 p - a scroll of summoning
 s - a scroll of enchant weapon {unknown}
Potions
 f - a potion of heal wounds {unknown}
 g - 2 potions of lignification {unknown}
 q - a potion of invisibility {unknown}
 r - a potion of brilliance {unknown}

Dungeon Overview and Level Annotations

Branches:
Dungeon (5/15)
 Temple: D:4-7

Altars:
Ashenzari
Ru
Uskayaw

Annotations:
D:4 Menkaure

..>.#....###.........###.........
###.#...## ##.......## ###.#.####
#.#.#.# ##.....## ###.####
#...#.# ##...## ###..... #####.#
##'## #....... #.# #.# #.#..._.
#.# #.# #.##.... #.# ##z##
#.##.... ##.#######.@.## #.....##
##...##.##.....# ####.##
#.###....##...## #######.# #.#
#..#.<##.## #.......#
#.###....##########.#######
##...##.............#
####################


You could see a wight.


Message History

😮 HP[-5]
You take 5 damage, and now have 19/29 hp.
You closely miss the hound. The hound misses you. The hound bites you. 😮 HP[-1]
You take 1 damage, and now have 18/29 hp.
You miss the hound. The hound bites you.
The hound bites you but does no damage. 😮 HP[-3]
You take 3 damage, and now have 15/29 hp.
Unknown command.
You slash the hound! Lightning courses through the hound!!
You kill the hound!
Training target 4.0 for Earth Magic reached!
Your Earth Magic skill increases to level 4!
You see here a hound corpse. 😮 HP[+1]
You start resting. 😎 HP[+13]
Your hp is fully restored (29).
Your +3 hand axe of electrocution {axe} stops crackling.
You sense an unholy aura.
b - a +2 dagger of draining (weapon)
{short}
Casting: Passwall (safe; 8% risk of failure)
Confirm with . or Enter, or press ? or * to list all spells.
Aiming: Passwall (safe; 8% risk of failure)
Press: ? - help, Dir - move target A rock wall.
You miscast Passwall.
You are very lightly contaminated with residual magic.
Nothing appears to happen. 😎 MP[-2]
You lost 2 mp, and now have 6/8 mp.
You start resting.
Your magical contamination has completely faded away.
Casting: Passwall (safe; 8% risk of failure)
Confirm with . or Enter, or press ? or * to list all spells.
Aiming: Passwall (safe; 8% risk of failure)
Press: ? - help, Dir - move target A rock wall.
You begin to meditate on the wall.
You continue meditating on the rock. x3
You finish merging with the rock. 😎 MP[-1]
You lost 1 mp, and now have 5/8 mp.
A wight comes into view.
It is wielding a +3 halberd of freezing.
The helpless wight fails to defend itself.
You impale the wight!!
You destroy the wight! 😎 HP[+1]
You now have 30 max hp (+1).
Your hp is fully restored (30). 😎 MP[+1]
The wight hits you with a +3 battleaxe of flaming!
Ouch! That really hurt!
* * * LOW HITPOINT WARNING * * *
The wight burns you.
* * * LOW HITPOINT WARNING * * *
There is a stone staircase leading up here. 😨 HP[-17]
You take 17 damage, and now have 13/30 hp.
MASSIVE DAMAGE!! (PAUSE)
The wight barely misses you.
You climb upwards.
There is a stone staircase leading down here.
Okay, then.
Unknown command. 😨 MP[+1]
Things that are here:
a +0 leather armour; a +0 club {mace} The wight closely misses you.
You see here a +0 short sword {short}. 😨 MP[+1]
Your mp is fully restored (8).
There is a stone staircase leading up here.
The wight hits you with a +3 battleaxe of flaming.
* * * LOW HITPOINT WARNING * * *
The wight burns you.
* * * LOW HITPOINT WARNING * * *
You climb upwards.
There is a stone staircase leading down here. 😱 HP[-6]
You take 6 damage, and now have 7/30 hp.
There is an open door here.
Casting: Passwall (safe; 8% risk of failure)
Confirm with . or Enter, or press ? or * to list all spells.
Aiming: Sandblast (safe; 3% risk of failure)
Press: ? - help, Shift-Dir - straight line, f - wight
Aim: a wight, wielding a +3 battleaxe of flaming and wearing a +0 robe (79% to hit)
The blast of sand hits the wight but does no damage.
The wight barely misses you. 😱 MP[-1]
You lost 1 mp, and now have 7/8 mp.
Unknown command.
Casting: Sandblast (safe; 3% risk of failure)
Confirm with . or Enter, or press ? or * to list all spells.
Aiming: Sandblast (safe; 3% risk of failure)
Press: ? - help, Shift-Dir - straight line, f/p - wight
Aim: a wight, wielding a +3 battleaxe of flaming and wearing a +0 robe (79% to hit)
The blast of sand hits the wight!
The wight hits you with a +3 battleaxe of flaming!!
Ouch! That really hurt!
You die...

Skill      XL: |  1  2  3  4  5 |
---------------+----------------+-----
Transmutations | 2 |  2.0
Short Blades   | 1 2 |  2.3
Fighting       | 1 |  1.8
Stealth        | 4 |  4.8
Dodging        | 3 |  3.4
Earth Magic    | 4 |  4.0
Spellcasting   | |  2.0

Action                   |  1- 3 |  4- 6 || total
-------------------------+-------+-------++-------
Melee: Dagger            |    76 |    10 ||    86
       Bite              |     5 |     5 ||    10
       Hand axe          |    17 |    39 ||    56
 Cast: Sandblast         |     7 |     5 ||    12
       Passwall          |     6 |     2 ||     8
 Abil: Exsanguinate      |     1 |       ||     1
 Stab: Sleeping          |    15 |     6 ||    21
Armor: Robe              |    12 |     6 ||    18
Dodge: Dodged            |    38 |    39 ||    77

Levels and vault maps discovered:
D:1:      eino_arrival_cavern_e, layout_loops_ring
D:2:      cheibrodos_helix_gallery, layout_loops_corners, basic_altar,
          uniq_terence, uniq_natasha
D:3:      minmay_diamond_boxcup, layout_loops_cross,
          mainiacjoe_overflow_brackets, mainiacjoe_overflow_small_starburst
D:4:      layout_cave_pools, minmay_misc_feat_hallway, uniq_menkaure
D:5:      layout_loops_ring, lemuel_crystal_altar, lemuel_round_altar,
          glass_columns_b

Notes
Turn   | Place    | Note
-------+----------+-------------------------------------------
     0 | D:1      | Sobieck the Vampire Earth Elementalist began the quest for
                  | the Orb.
     0 | D:1      | Reached XP level 1. HP: 13/13 MP: 3/3
     0 | D:1      | magus.rc [v1.9.6]
   248 | D:1      | Reached XP level 2. HP: 19/19 MP: 5/5
   251 | D:1      | Learned a level 2 spell: Passwall
  1067 | D:1      | Reached skill level 2 in Transmutations
  1452 | D:2      | Found a hide-covered altar of Uskayaw.
  1484 | D:2      | You fall into a shaft and drop 1 floor!
  1604 | D:3      | Found a broken altar of Ashenzari.
  1617 | D:3      | Found a sacrificial altar of Ru.
  1736 | D:4      | Noticed a wight
  1736 | D:4      | Noticed a wight
  1736 | D:4      | Noticed a wight
  1748 | D:3      | Gained mutation: You are afflicted with vampirism and can
                  | become a bat while bloodless. [Vampire growth]
  1748 | D:3      | Reached XP level 3. HP: 13/20 MP: 6/6
  1867 | D:4      | Noticed Menkaure
  2305 | D:2      | Noticed Natasha
  2315 | D:2      | Killed Natasha
  2316 | D:2      | Reached skill level 1 in Short Blades
  3213 | D:2      | Reached XP level 4. HP: 24/24 MP: 7/7
  3469 | D:2      | Noticed Natasha
  3479 | D:2      | HP: 1/24 [Natasha (7)]
  3480 | D:2      | Killed Natasha
  3481 | D:2      | Reached skill level 1 in Fighting
  3821 | D:2      | Reached skill level 4 in Stealth
  3963 | D:2      | Noticed Terence
  3974 | D:2      | Killed Terence
  3975 | D:2      | Reached skill level 3 in Dodging
  4022 | D:2      | You fall into a shaft and drop 2 floors!
  4060 | D:5      | Entered Level 5 of the Dungeon
  4072 | D:5      | Reached skill level 2 in Short Blades
  4072 | D:5      | Reached XP level 5. HP: 27/29 MP: 8/8
  4154 | D:4      | Reached skill level 4 in Earth Magic
  4353 | D:3      | HP: 7/30 [wight (1)]
  4367 | D:2      | Mangled by a wight

Vanquished Creatures
  A wight (D:4)
  A bullfrog zombie (D:5)
  A hound (D:4)
  Terence (D:2)
  Natasha (twice) (D:2)
  2 worms (D:2)
  A dart slug (D:4)
  An orc (D:3)
  7 ball pythons
  5 endoplasms
  2 giant cockroaches (D:1)
  8 goblins
  6 hobgoblins
  A quokka (D:2)
  A bat (D:2)
  6 frilled lizards
  3 kobolds
  2 rats
51 creatures vanquished.

Table legend:
 A = Non-vault XP
 B = Vault XP
 C = Vault XP percentage of total XP
 D = Non-vault monster count
 E = Vault monster count
 F = Vault count percentage of total count
                 A         B        C        D         E       F
            +---------+---------+-------+---------+---------+-------
      Total |     252 |      81 |  24.3 |      47 |       4 |   7.8
            +---------+---------+-------+---------+---------+-------
        D:1 |      31 |       0 |   0.0 |      20 |       0 |   0.0
        D:2 |      59 |      81 |  57.9 |      13 |       4 |  23.5
        D:3 |      13 |       0 |   0.0 |       7 |       0 |   0.0
        D:4 |     106 |       0 |   0.0 |       6 |       0 |   0.0
        D:5 |      43 |       0 |   0.0 |       1 |       0 |   0.0
            +---------+---------+-------+---------+---------+-------

Illustrated notes

Table legend:
 A = Kills in this place as a percentage of kills in entire the game.
 B = Kills by you in this place as a percentage of kills by you in the entire game.
 C = Kills by friends in this place as a percentage of kills by friends in the entire game.
 D = Other kills in this place as a percentage of other kills in the entire game.
 E = Experience gained in this place as a percentage of experience gained in the entire game.
 F = Experience gained in this place divided by the number of levels of this place that you have seen.
                   A       B       C       D       E      F
               +-------+-------+-------+-------+-------+----------------------
         Total | 100.0 | 100.0 |   N/A |   N/A | 100.0 |  66.6
       Dungeon | 100.0 | 100.0 |   N/A |   N/A | 100.0 |  66.6
               +-------+-------+-------+-------+-------+----------------------

Table legend: (Time is in decaauts)
 A = Elapsed time spent in this place.
 B = Non-inter-level travel time spent in this place.
 C = Inter-level travel time spent in this place.
 D = Time resting spent in this place.
 E = Time spent auto-exploring this place.
 F = Levels seen in this place.
 G = Mean time per level.
                   A        B        C        D        E       F      G
               +--------+--------+--------+--------+--------+-----+--------+
         Total |   4372 |   4286 |     86 |   1972 |   1501 |   5 |  874.4 |
       Dungeon |   4372 |   4286 |     86 |   1972 |   1501 |   5 |  874.4 |
               +--------+--------+--------+--------+--------+-----+--------+

Top non-repeatable levels by time:
     D:2: 1967 daAuts
     D:1: 1380 daAuts
     D:3: 711 daAuts
     D:4: 277 daAuts
     D:5: 35 daAuts
